 Dungeon Crawl Stone Soup version 0.31-a0-187-gba352fbbf7 (webtiles) character file.

Game seed: 7663750614530364943

56 Moral the Sneak (level 3, -2/22 HPs)
             Began as a Vampire Brigand on June 22, 2023.
             Killed from afar by Sigmund (6 damage)
             ... with a magic dart
             ... on level 2 of the Dungeon.
             The game lasted 00:07:14 (1806 turns).

Moral the Sneak (Vampire Brigand)                   Turns: 1806, Time: 00:07:16

Health: -2/22      AC:  3    Str: 10    XL:     3   Next: 71%
Magic:  3/3        EV: 12    Int: 13    God:
Gold:   94         SH:  0    Dex: 17    Spells: 2/2 levels left

rFire   . . .        j - +3 dagger (freeze)
rCold   + + .        (no shield)
rNeg    + + +        b - +0 robe
rPois   ∞            (no helmet)
rElec   .            c - +0 cloak
rCorr   .            (no gloves)
SInv    +            (no boots)
Will    .....        (no amulet)
Stlth   +++++        (no ring)
HPRegen 0.00/turn    (no ring)
MPRegen 0.08/turn

%: no passive effects
@: bloodless, inhibited regen
A: bloodless, fangs 3, see invisible, vampiric 2
a: Bat Form, Revivify


You were on level 2 of the Dungeon.
You visited 1 branch of the dungeon, and saw 2 of its levels.

You collected 94 gold pieces.

Inventory:

Hand Weapons
 j - a +3 dagger of freezing (weapon)
Missiles
 d - 9 poisoned darts (quivered)
 e - 3 curare-tipped darts
Armour
 b - a +0 robe (worn)
 c - a +0 cloak (worn)
Scrolls
 f - a scroll of immolation
 g - a scroll of enchant weapon {unknown}
 h - 3 scrolls of identify
Potions
 a - a potion of lignification {unknown}
 i - a potion of resistance {unknown}
 k - a potion of cancellation {unknown}


   Skills:
 + Level 2.4 Fighting
 + Level 2.9 Short Blades
 - Level 1.5 Throwing
 + Level 2.2 Dodging
 + Level 6.4 Stealth


You had 2 spell levels left.
You didn't know any spells.
Your spell library contained the following spells:

 Spells                   Type           Power      Damage    Failure   Level
 Portal Projectile        Hex/Tloc       0%         N/A       67%         3
 Tukima's Dance           Hex            0%         N/A       67%         3
 Blade Hands              Tmut           0%         N/A       100%        5


Dungeon Overview and Level Annotations

Branches:
Dungeon (2/15)

Altars:

Annotations:
D:2 Robin, Sigmund


Innate Abilities, Weirdness & Mutations

You do not regenerate when monsters are visible.
You are frail without blood (-20% HP).
You can heal yourself when you bite living creatures.
You are immune to poison.
You have razor-sharp teeth.
You have supernaturally acute eyesight. (SInv)
You are afflicted with vampirism and can become a bat while bloodless.


Message History

Found an escape hatch in the floor.
You now have 94 gold pieces (gained 11).
There is a stone staircase leading down here.
Found a whip.
You see here a +0 whip.
Sigmund is nearby!
No target in view!
The goblin shoots a sling bullet.
The sling bullet hits you but does no damage.
The goblin shoots a sling bullet.
The sling bullet hits you but does no damage.
Sigmund shouts!
You hit the goblin. You freeze the goblin.
You kill the goblin!
Robin barely misses you.
Things that are here:
a +0 sling; a +0 dagger; a goblin corpse You hit Robin but do no damage.
Robin hits you but does no damage.
You barely miss Robin. Sigmund gestures at you while chanting.
The magic dart hits you!
You hit Robin but do no damage.
Robin points. "Kill!"
Robin closely misses you. Sigmund casts a spell at you.
You resist with some effort.
You hit Robin. You freeze Robin.
Robin is moderately wounded.
Robin misses you.
Sigmund points at you and mumbles some strange words.
The magic dart hits you!
* * * LOW HITPOINT WARNING * * *
You hit Robin. You freeze Robin.
Robin is moderately wounded.
Robin's horned helmet rattles.
Robin hits you with a +0 dagger.
* * * LOW HITPOINT WARNING * * *
Sigmund gestures at you while chanting. The magic dart hits you.
You die...

.###.#......##############
.#.......................#
†..#.#......############.#
.#...#..........# #.#
.#.###..........# #####.#
................# ....#.######
##.###.#####....###÷...#......#
................>......######.#
.....#######....@g.....# #.#
.....# #####.....#### #.#
###.#######.........# #.#
..................### #.###
###.####........@.# #.#..
g.<............^..# #.#..
.#................## #.#..
......#............# #.#..
.###......######.#.##########.#..


You could see Sigmund and Robin.

Vanquished Creatures
  An adder (D:2)
  2 worms
  A dart slug (D:2)
  3 bats (D:1)
  A giant cockroach (D:1)
  12 goblins
  4 hobgoblins
  2 kobolds
  A quokka (D:2)
  3 ball pythons
  2 frilled lizards (D:1)
  5 rats
37 creatures vanquished.

Notes
Turn   | Place    | Note
-------+----------+-------------------------------------------
     0 | D:1      | Moral the Vampire Brigand began the quest for the Orb.
     0 | D:1      | Reached XP level 1. HP: 16/16 MP: 1/1
   246 | D:1      | Reached skill level 6 in Stealth
   259 | D:1      | Reached XP level 2. HP: 17/17 MP: 2/2
   915 | D:2      | Noticed Robin
   935 | D:2      | Noticed Sigmund
  1216 | D:2      | Gained mutation: You are afflicted with vampirism and can
                  | become a bat while bloodless. [Vampire growth]
  1216 | D:2      | Reached XP level 3. HP: 17/21 MP: 3/3
  1572 | D:1      | You fall into a shaft and drop 1 floor!
  1806 | D:2      | Killed from afar by Sigmund

Illustrated notes

Levels and vault maps discovered:
D:1:      eino_arrival_cavern_b, layout_basic, nicolae_wormholes
D:2:      layout_basic, uniq_robin, uniq_sigmund

Skill      XL: |  1  2  3 |
---------------+----------+-----
Stealth        | 6 |  6.4
Fighting       | 2 |  2.4
Dodging        | 2 |  2.2
Short Blades   | |  2.9
Throwing       | |  1.5

Action                     || total
---------------------------++-------
  Melee: Dagger            ||   102
         Punch             ||     1
         Bite              ||     4
Ability: Exsanguinate      ||     1
    Use: Scroll            ||     3
         Potion            ||     1
   Stab: Sleeping          ||     9
 Armour: Robe              ||    28
  Dodge: Dodged            ||    73

Table legend: (Time is in decaauts)
 A = Elapsed time spent in this place.
 B = Non-inter-level travel time spent in this place.
 C = Inter-level travel time spent in this place.
 D = Time resting spent in this place.
 E = Time spent auto-exploring this place.
 F = Levels seen in this place.
 G = Mean time per level.
                   A        B        C        D        E       F      G
               +--------+--------+--------+--------+--------+-----+--------+
         Total |   1787 |   1747 |     40 |    256 |    937 |   2 |  893.5 |
       Dungeon |   1787 |   1747 |     40 |    256 |    937 |   2 |  893.5 |
               +--------+--------+--------+--------+--------+-----+--------+

Top non-repeatable levels by time:
     D:1: 1154 daAuts
     D:2: 633 daAuts
